 Dungeon Crawl Stone Soup version 0.30-a0-250-g41c1d76940 (webtiles) character file.

Game seed: 15357632034402828607

53943 brknglss the Protected (level 14, -1/121 HPs)
             Began as a Gnoll Wanderer on Oct 12, 2022.
             Was an Elder of Ashenzari.
             Slain by a wolf spider (8 damage)
             ... on level 1 of the Spider Nest.
             The game lasted 01:16:59 (21532 turns).

brknglss the Protected (Gnoll Wanderer)            Turns: 21532, Time: 01:16:59

Health: -1/121     AC: 20    Str: 12      XL:     14   Next: 70%
Magic:  9/30       EV: 21    Int:  4 (13) God:    Ashenzari [****..]
Gold:   922        SH:  5    Dex: 15      Spells: 14/38 levels left

rFire   + . .      SeeInvis +    I - +7 trident of Supernal Wisdom {vorpal, Will+ Stlth+, Self, Fort} (curse)
rCold   + . .      Faith    .    (no shield)
rNeg    . . .      Spirit   .    d - +1 steam dragon scales
rPois   .          Reflect  +    C - +2 helmet "Abstinence of Ashenzari" {Comp, Elem} (curse)
rElec   .          Harm     .    v - scarf "Inaction of Ashenzari" {rC+ rF+, Elem, Self} (curse)
rCorr   .          Rampage  .    q - +1 pair of gloves of the Eternal God {Elem, Range} (curse)
Will    +++..      Clarity  +    J - +2 pair of boots of the Eternal Mistrust {Comp, Melee} (curse)
Stlth   ++++++....               Q - amulet of reflection
HPRegen 0.40/turn                r - ring of the Visionary Repose {EV+4, Melee, Elem} (curse)
MPRegen 0.22/turn                u - ring of the Pangnostic Sybil {Will+, Melee, Fort} (curse)

@: no status effects
A: fangs 1, strong nose, distributed training
a: Renounce Religion, Shatter the Chains


You were on level 1 of the Spider Nest.
You worshipped Ashenzari.
Ashenzari was greatly pleased with you.
You visited 4 branches of the dungeon, and saw 18 of its levels.
You also visited: Bailey.

You collected 922 gold pieces.

Inventory:

Hand Weapons
 I - the cursed +7 trident of Supernal Wisdom (weapon) {vorpal, Will+ Stlth+, Self, Fort}
   (You found it on level 7 of the Dungeon)

   It inflicts extra damage upon your enemies.
   Will:      It increases your willpower.
   Stlth:     It makes you more stealthy.
   It has a curse which improves the following skills: Introspection: Fighting
   and Spellcasting.
   Fortitude: Armour and Shields.
Missiles
 f - 2 throwing nets
 n - 56 poisoned darts (quivered)
 w - 11 curare-tipped darts
Armour
 d - +1 steam dragon scales (worn)
 q - the cursed +1 pair of gloves of the Eternal God (worn) {Elem, Range}
   (You found it on level 2 of the Dungeon)

   It has a curse which improves the following skills: Elements: Fire Magic, Ice
   Magic, Air Magic and Earth Magic.
   Ranged Combat: Ranged Weapons and Throwing.
 v - the cursed scarf "Inaction of Ashenzari" (worn) {rC+ rF+, Elem, Self}
   (You found it on level 7 of the Dungeon)

   It has a curse which improves the following skills: Elements: Fire Magic, Ice
   Magic, Air Magic and Earth Magic.
   Introspection: Fighting and Spellcasting.
 y - a +2 helmet
 C - the cursed +2 helmet "Abstinence of Ashenzari" (worn) {Comp, Elem}
   (You found it on level 4 of the Dungeon)

   It has a curse which improves the following skills: Companions: Summonings
   and Necromancy.
   Elements:  Fire Magic, Ice Magic, Air Magic and Earth Magic.
 J - the cursed +2 pair of boots of the Eternal Mistrust (worn) {Comp, Melee}
   (You found it on level 9 of the Dungeon)

   It has a curse which improves the following skills: Companions: Summonings
   and Necromancy.
   Melee Combat: Short Blades, Long Blades, Axes, Maces & Flails, Polearms,
   Staves and Unarmed Combat.
Jewellery
 a - a ring of poison resistance
 r - the cursed ring of the Visionary Repose (left hand) {EV+4, Melee, Elem}
   (You found it on level 2 of the Dungeon)

   [ring of evasion]

   EV:        It affects your evasion (+4).
   It has a curse which improves the following skills: Melee Combat: Short
   Blades, Long Blades, Axes, Maces & Flails, Polearms, Staves and Unarmed
   Combat.
   Elements:  Fire Magic, Ice Magic, Air Magic and Earth Magic.
 u - the cursed ring of the Pangnostic Sybil (right hand) {Will+, Melee, Fort}
   (You found it on level 2 of the Dungeon)

   [ring of willpower]

   Will:      It increases your willpower.
   It has a curse which improves the following skills: Melee Combat: Short
   Blades, Long Blades, Axes, Maces & Flails, Polearms, Staves and Unarmed
   Combat.
   Fortitude: Armour and Shields.
 E - a +6 ring of dexterity
 N - a ring of flight
 O - a +6 ring of dexterity
 P - a ring of willpower
 Q - an amulet of reflection (around neck)
 R - a ring of wizardry
Wands
 k - a wand of charming (20)
 t - a wand of flame (38)
 D - a wand of iceblast (14)
Scrolls
 i - a scroll of torment
 m - 3 scrolls of amnesia
 o - 4 scrolls of butterflies
 p - 3 scrolls of enchant weapon
 z - 4 scrolls of teleportation
 L - a scroll of immolation
 M - 4 scrolls of magic mapping
 S - a scroll of silence
 V - a scroll of fear
Potions
 b - a potion of brilliance
 g - 7 potions of curing
 h - a potion of magic
 l - 2 potions of haste
 s - 3 potions of mutation
 A - a potion of might
 B - 2 potions of berserk rage
 F - 3 potions of flight


   Skills:
 + Level 11.7(14.6) Fighting
 + Level 9.8(13.6) Short Blades
 + Level 9.8(13.6) Long Blades
 + Level 9.8(13.6) Axes
 + Level 9.8(13.6) Maces & Flails
 + Level 9.8(13.6) Polearms
 + Level 9.8(13.6) Staves
 + Level 9.8(11.7) Ranged Weapons
 + Level 9.8(11.7) Throwing
 + Level 14.0(16.9) Armour
 + Level 9.8 Dodging
 + Level 10.7 Stealth
 + Level 9.8(12.7) Shields
 + Level 9.8(13.6) Unarmed Combat
 + Level 9.8(12.7) Spellcasting
 + Level 8.2 Conjurations
 + Level 8.2 Hexes
 + Level 8.2(11.2) Summonings
 + Level 8.2(11.2) Necromancy
 + Level 8.2 Translocations
 + Level 8.2 Transmutations
 + Level 8.2(12.9) Fire Magic
 + Level 8.2(12.9) Ice Magic
 + Level 8.2(12.9) Air Magic
 + Level 8.2(12.9) Earth Magic
 + Level 8.2 Poison Magic
 + Level 10.6 Invocations
 + Level 9.8 Evocations


You had 14 spell levels left.
You knew the following spells:

 Your Spells              Type           Power      Damage    Failure   Level
a - Frozen Ramparts       Ice            24%        1d4       1%          3
b - Stone Arrow           Conj/Erth      22%        3d8       1%          3
c - Fireball              Conj/Fire      5%         3d5       5%          5
d - Freezing Cloud        Conj/Ice/Air   5%         6-21      4%          5
e - Airstrike             Air            6%         2d(1-17)  1%          4
f - Flame Wave            Conj/Fire      11%        2d6       1%          4

Your spell library contained the following spells:

 Spells                   Type           Power      Damage    Failure   Level
 Foxfire                  Conj/Fire      44%        2x1d6     1%          1
 Freeze                   Ice            48%        1d6       1%          1
 Necrotise                Necr           44%        1d6       1%          1
 Sandblast                Erth           24%        2d8       1%          1
 Shock                    Conj/Air       44%        1d5       1%          1
 Cigotuvi's Dreadful Rot  Necr/Pois/Air  22%        N/A       1%          2
 Passwall                 Tmut/Erth      9%         N/A       1%          2
 Scorch                   Fire           24%        2d6       1%          2
 Sublimation of Blood     Necr           11%        N/A       1%          2
 Wereblood                Tmut           9%         N/A       1%          2
 Hailstorm                Conj/Ice       11%        3d5       1%          3
 Ignite Poison            Fire/Tmut/Pois 10%        N/A       1%          3
 Kindle Blastsparks       Fire/Tloc/Air  22%        2d11      1%          3
 Swiftness                Air            12%        N/A       1%          3
 Teleport Other           Tloc           9%         N/A       1%          3
 Vampiric Draining        Necr           11%        2d6       1%          3
 Sticky Flame             Conj/Fire      11%        2d3       1%          4
 Anguish                  Hex/Necr       5%         N/A       2%          4
 Agony                    Necr           11%        N/A       4%          5
 Death Channel            Necr           5%         N/A       24%         6
 Summon Cactus Giant      Summ           5%         N/A       24%         6
 Starburst                Conj/Fire      5%         6d4       30%         6
 Statue Form              Tmut/Erth      7%         N/A       30%         6
 Summon Hydra             Summ           5%         N/A       78%         7
 Ignition                 Fire           6%         3d4       99%         8
 Infestation              Necr           5%         N/A       100%        8


Dungeon Overview and Level Annotations

Branches:
Dungeon (10/15)            Temple (1/1) D:4            Lair (5/5) D:9
 Shoals (0/4) Lair:2       Spider (2/4) Lair:3        Slime (0/5) Lair:4
 Bailey (visited)
    Orc: D:9-12

Altars:
Ashenzari
Cheibriados
Dithmenos
Elyvilon
Fedhas
Gozag
Hepliaklqana
Kikubaaqudgha
Makhleb
Nemelex Xobeh
Okawaru
Qazlal
Ru
Sif Muna
Trog
Uskayaw
Vehumet
Wu Jian
Xom
Yredelemnul
Zin
The Shining One

Shops:
D:2 =   D:7 [   D:9 [[[:*


Innate Abilities, Weirdness & Mutations

You have very sharp teeth.
Your uncanny sense of smell can sniff out nearby items.
Your experience applies equally to all skills.


Message History

You hit the wolf spider.
The wolf spider is severely wounded.
You block the wolf spider's attack. The wolf spider misses you.
The orb spider's wounds heal themselves!
The boulder beetle stops rolling and uncurls.
The wolf spider completely misses you.
The wolf spider bites you but does no damage.
You feel much better.
The tarantella touches you but does no damage.
You block the wolf spider's attack. x2; The wolf spider misses you.
The wolf spider bites you.
* * * LOW HITPOINT WARNING * * *
You are poisoned.
The wolf spider poisons you! The tarantella touches you!
* * * LOW HITPOINT WARNING * * *
The wolf spider hits you but does no damage.
The wolf spider bites you but does no damage.
* * * LOW HITPOINT WARNING * * *
You feel very sick. The tarantella misses you.
The boulder beetle leaps!
The wolf spider misses you.
The wolf spider bites you but does no damage.
* * * LOW HITPOINT WARNING * * *
You feel very sick.
Found a +0 great mace.
* * * LOW HITPOINT WARNING * * *
You feel very sick.
The demonic crawler shrieks in warning!
The boulder beetle leaps!
You hear a faint skittering sound. x2
You feel better. The wolf spider barely misses you.
The wolf spider completely misses you.
The wolf spider hits you but does no damage.
The wolf spider bites you but does no damage.
The wolf spider hits you!
* * * LOW HITPOINT WARNING * * *
The wolf spider bites you but does no damage.
As you read the scroll of summoning, it crumbles to dust.
Wisps of shadow whirl around you... The wolf spider hits you!
You die...

,,,, , *, * , , , ######
.#..#. ..####....##
......#).##.......## ,
#...#.....#...#.#..
,.....?>#..$......#
...#...#.....#!y#.s# ##
................@s.#,..##
...............s#ss#....#
.#.......>....^.#........
....#.....#..#s.{.#.#^...*
#.#...†.##.#.#...#..^...#
#................#..[.##
*.#..<..............####
....s#.##..##.#......#
......#.........##.###


You could see a demonic crawler (ally target), 2 wolf spiders, an orb spider
(charged), a tarantella, a friendly ghost moth (summoned, invisible) and a
friendly tarantella (summoned).

Vanquished Creatures
  Kirke (Lair:3)
  2 hydras (Lair:2)
  3 catoblepae (Lair:5)
  A boulder beetle (Lair:4)
  The ghost of Witen the Martial Artist, a journeyman DsMo of Hepliaklqana (Lair:2)
  11 death yaks
  2 two-headed ogres
  Urug (D:10)
  A lindwurm (Lair:5)
  2 manticores (Lair:5)
  7 elephants
  3 black mambas
  3 merfolk sirens (Lair:2)
  2 torpor snails
  A gargoyle (D:10)
  A demonic crawler (Spider:1)
  12 cane toads
  4 rime drakes
  8 komodo dragons
  A merfolk (Lair:2)
  A polar bear (Lair:3)
  6 blink frogs
  3 trolls (D:10)
  A tarantella (Spider:1)
  A dream sheep (Lair:2)
  A jumping spider (Lair:3)
  6 culicivoras
  11 wyverns
  75 yaks
  6 basilisks
  A fire elemental (Lair:1)
  Eustachio (D:6)
  3 steam dragons
  3 hogs (Lair:3)
  Edmund (D:6)
  Menkaure (D:6)
  9 redbacks
  11 water moccasins
  5 orc warriors
  A black bear (D:9)
  2 ice beasts
  2 sky beasts
  7 wolves
  3 ogres
  4 centaurs
  10 kobold brigands
  3 phantoms (D:5)
  21 bullfrogs
  3 scorpions
  A gnoll sergeant (D:10)
  2 wights
  18 killer bees
  3 howler monkeys
  8 electric eels
  3 hounds (D:6)
  4 jellies
  4 orc priests
  Jessica (D:2)
  2 iguanas (D:5)
  13 orc wizards
  6 gnolls (D:5)
  4 river rats (D:5)
  6 adders
  2 shadow imps
  2 white imps
  An ufetubus (D:5)
  6 dart slugs
  17 orcs
  7 bats
  An endoplasm (D:4)
  3 giant cockroaches
  15 goblins
  4 hobgoblins
  4 jackals (D:2)
  3 quokkas
  10 ball pythons
  3 frilled lizards
  28 kobolds
  4 rats
454 creatures vanquished.

Vanquished Creatures (others)
  A two-headed ogre (D:10)
  A komodo dragon (D:10)
  A human (Lair:3)
  2 centaurs (D:10)
  An orc wizard (D:9)
  An orc (D:8)
  15 fungi
  85 plants
107 creatures vanquished.

Grand Total: 561 creatures vanquished

Notes
Turn   | Place    | Note
-------+----------+-------------------------------------------
     0 | D:1      | Reached skill level 10 in Armour
     0 | D:1      | brknglss the Gnoll Wanderer began the quest for the Orb.
     0 | D:1      | brknglss set off with the following items: a +0 dagger, a
                  | potion of attraction, a potion of lignification, a scroll
                  | of blinking, a +0 chain mail.
     0 | D:1      | Reached XP level 1. HP: 23/23 MP: 1/1
    90 | D:1      | Reached XP level 2. HP: 29/29 MP: 2/2
   722 | D:2      | Reached XP level 3. HP: 35/35 MP: 3/3
   806 | D:2      | Reached skill level 1 in Invocations
  1004 | D:2      | Reached skill level 1 in Short Blades
  1004 | D:2      | Reached skill level 1 in Long Blades
  1004 | D:2      | Reached skill level 1 in Axes
  1004 | D:2      | Reached skill level 1 in Maces & Flails
  1004 | D:2      | Reached skill level 1 in Polearms
  1004 | D:2      | Reached skill level 1 in Staves
  1004 | D:2      | Reached skill level 1 in Ranged Weapons
  1004 | D:2      | Reached skill level 1 in Throwing
  1004 | D:2      | Reached skill level 1 in Dodging
  1004 | D:2      | Reached skill level 1 in Shields
  1004 | D:2      | Reached skill level 1 in Unarmed Combat
  1004 | D:2      | Reached skill level 1 in Spellcasting
  1004 | D:2      | Reached skill level 1 in Evocations
  1005 | D:2      | Found Comp's Jewellery Shop.
  1032 | D:2      | Noticed Jessica
  1053 | D:2      | Killed Jessica
  1054 | D:2      | Reached XP level 4. HP: 38/41 MP: 5/5
  1113 | D:2      | Found a faded altar of an unknown god.
  1325 | D:2      | Reached skill level 1 in Conjurations
  1325 | D:2      | Reached skill level 1 in Hexes
  1325 | D:2      | Reached skill level 1 in Summonings
  1325 | D:2      | Reached skill level 1 in Necromancy
  1325 | D:2      | Reached skill level 1 in Translocations
  1325 | D:2      | Reached skill level 1 in Transmutations
  1325 | D:2      | Reached skill level 1 in Fire Magic
  1325 | D:2      | Reached skill level 1 in Ice Magic
  1325 | D:2      | Reached skill level 1 in Air Magic
  1325 | D:2      | Reached skill level 1 in Earth Magic
  1325 | D:2      | Reached skill level 1 in Poison Magic
  2461 | D:4      | Noticed an ice beast
  2461 | D:4      | Noticed a centaur
  2488 | D:4      | Found a staircase to the Ecumenical Temple.
  2495 | Temple   | Entered the Ecumenical Temple
  2524 | Temple   | Became a worshipper of Ashenzari the Shackled
  2633 | D:4      | Reached XP level 5. HP: 47/47 MP: 7/7
  2797 | D:4      | Noticed an ogre
  2805 | D:4      | Killed an ogre
  2806 | D:4      | Reached XP level 6. HP: 53/53 MP: 8/8
  3344 | D:4      | Killed an ice beast
  3345 | D:4      | Reached XP level 7. HP: 27/60 MP: 10/10
  3752 | D:5      | Entered Level 5 of the Dungeon
  3842 | D:5      | Reached skill level 5 in Stealth
  4096 | D:5      | Reached * piety under Ashenzari
  4484 | D:5      | Reached XP level 8. HP: 66/67 MP: 12/12
  4797 | D:6      | Noticed Edmund
  4812 | D:6      | Killed Edmund
  4813 | D:6      | Reached skill level 11 in Armour
  4865 | D:6      | Learned a level 3 spell: Frozen Ramparts
  5147 | D:6      | Noticed Menkaure
  5155 | D:6      | Killed Menkaure
  5393 | D:6      | Reached XP level 9. HP: 73/73 MP: 14/14
  5480 | D:6      | Noticed Eustachio
  5518 | D:6      | Killed Eustachio
  5982 | D:7      | Found Zatacad's Antique Armour Emporium.
  6011 | D:7      | Identified the +7 trident of Sunlight {vorpal, Will+
                  | Stlth+}
  6179 | D:7      | Found a burning altar of Makhleb.
  6179 | D:7      | Found a shadowy altar of Dithmenos.
  6878 | D:8      | Reached ** piety under Ashenzari
  6910 | D:8      | Learned a level 3 spell: Stone Arrow
  7010 | D:8      | Found a bloodstained altar of Trog.
  7187 | D:8      | Reached skill level 5 in Invocations
  7372 | D:8      | Noticed a two-headed ogre
  7996 | D:8      | Noticed a two-headed ogre
  8003 | D:8      | Killed a two-headed ogre
  8004 | D:8      | Reached skill level 5 in Short Blades
  8004 | D:8      | Reached skill level 5 in Long Blades
  8004 | D:8      | Reached skill level 5 in Axes
  8004 | D:8      | Reached skill level 5 in Maces & Flails
  8004 | D:8      | Reached skill level 5 in Polearms
  8004 | D:8      | Reached skill level 5 in Staves
  8004 | D:8      | Reached skill level 5 in Ranged Weapons
  8004 | D:8      | Reached skill level 5 in Throwing
  8004 | D:8      | Reached skill level 5 in Dodging
  8004 | D:8      | Reached skill level 5 in Shields
  8004 | D:8      | Reached skill level 5 in Unarmed Combat
  8004 | D:8      | Reached skill level 5 in Spellcasting
  8004 | D:8      | Reached skill level 5 in Evocations
  8004 | D:8      | Reached XP level 10. HP: 74/84 MP: 1/19
  8523 | D:9      | Found Gooresk's Book Emporium.
  8559 | D:9      | Found a flagged portal.
  8726 | Bailey   | Entered a bailey
  8733 | Bailey   | Learned a level 3 spell: Kindle Blastsparks
  8980 | Bailey   | Identified the Verses on Death
  9097 | Bailey   | Learned a level 5 spell: Freezing Cloud
  9151 | Bailey   | Found an iron altar of Okawaru.
  9265 | D:9      | Found a shimmering blue altar of Sif Muna.
  9273 | D:9      | Reached skill level 12 in Armour
  9274 | D:9      | Reached skill level 5 in Conjurations
  9274 | D:9      | Reached skill level 5 in Hexes
  9274 | D:9      | Reached skill level 5 in Summonings
  9274 | D:9      | Reached skill level 5 in Necromancy
  9274 | D:9      | Reached skill level 5 in Translocations
  9274 | D:9      | Reached skill level 5 in Transmutations
  9274 | D:9      | Reached skill level 5 in Fire Magic
  9274 | D:9      | Reached skill level 5 in Ice Magic
  9274 | D:9      | Reached skill level 5 in Air Magic
  9274 | D:9      | Reached skill level 5 in Earth Magic
  9274 | D:9      | Reached skill level 5 in Poison Magic
  9274 | D:9      | Reached XP level 11. HP: 87/91 MP: 13/21
  9401 | D:9      | Found Qeakekee's Armour Shoppe.
  9734 | D:9      | Found a staircase to the Lair.
  9879 | D:9      | Found Merodeh's General Store.
 10166 | D:9      | Found Wumenim's Armour Shoppe.
 10225 | D:9      | Found Mehirph's Armour Shop.
 10371 | D:10     | Entered Level 10 of the Dungeon
 10502 | D:10     | Found a shimmering altar of Xom.
 10503 | D:10     | Noticed a two-headed ogre
 10539 | D:10     | Killed a two-headed ogre
 10767 | D:10     | Noticed a two-headed ogre
 10775 | D:10     | Killed a two-headed ogre
 11051 | D:10     | Noticed Urug
 11062 | D:10     | Killed Urug
 11259 | D:10     | Reached XP level 12. HP: 90/100 MP: 20/24
 11621 | Lair:1   | Entered Level 1 of the Lair of Beasts
 11659 | Lair:1   | Noticed a death yak
 11667 | Lair:1   | Noticed a death yak
 12058 | Lair:1   | Learned a level 5 spell: Fireball
 12185 | Lair:1   | Reached skill level 10 in Fighting
 12487 | Lair:1   | Killed a death yak
 12490 | Lair:1   | Killed a death yak
 13134 | Lair:1   | Found a glowing silver altar of Zin.
 13337 | Lair:2   | Noticed a five-headed hydra
 13347 | Lair:2   | Killed a five-headed hydra
 13715 | Lair:2   | Found a staircase to the Shoals.
 13722 | Lair:2   | Reached skill level 13 in Armour
 13861 | Lair:2   | Noticed a seven-headed hydra
 13862 | Lair:2   | Noticed Witen's ghost (journeyman DsMo)
 13884 | Lair:2   | Found a transporter.
 13887 | Lair:2   | Found a transporter.
 13922 | Lair:2   | Reached XP level 13. HP: 96/109 MP: 16/27
 13928 | Lair:2   | Killed Witen's ghost
 13984 | Lair:2   | Reached *** piety under Ashenzari
 14594 | Lair:3   | Noticed Kirke
 14606 | Lair:3   | Killed Kirke
 14606 | Lair:3   | Identified the cursed scarf "Inaction of Ashenzari" {rC+
                  | rF+, Elem, Self} (You found it on level 7 of the Dungeon)
 14606 | Lair:3   | Identified the cursed +2 helmet "Abstinence of Ashenzari"
                  | {Comp, Elem} (You found it on level 4 of the Dungeon)
 14606 | Lair:3   | Identified the cursed +1 pair of gloves of the Eternal God
                  | {Elem, Range} (You found it on level 2 of the Dungeon)
 14606 | Lair:3   | Identified the cursed +2 pair of boots of the Eternal
                  | Mistrust {Comp, Melee} (You found it on level 9 of the
                  | Dungeon)
 14855 | Lair:3   | Found a hole to the Spider Nest.
 15099 | Lair:3   | Reached **** piety under Ashenzari
 16889 | Lair:4   | Reached skill level 10 in Stealth
 16988 | Lair:4   | Learned a level 4 spell: Airstrike
 17220 | Lair:4   | Found a staircase to the Slime Pits.
 18183 | Lair:5   | Entered Level 5 of the Lair of Beasts
 18299 | Lair:5   | Reached skill level 10 in Invocations
 18299 | Lair:5   | Reached XP level 14. HP: 119/120 MP: 6/30
 19050 | Lair:5   | Identified Menibb's Monograph on the Dusty Voyage
 19990 | Lair:5   | Reached skill level 14 in Armour
 21119 | Spider:1 | Entered Level 1 of the Spider Nest
 21120 | Spider:1 | Reached ***** piety under Ashenzari
 21211 | Spider:2 | Noticed an emperor scorpion
 21464 | Lair:3   | Learned a level 4 spell: Flame Wave
 21532 | Spider:1 | Slain by a wolf spider

Illustrated notes

Levels and vault maps discovered:
D:1:      scummos_arrival_simple_crosswalls, layout_loops_ring
D:2:      layout_loops_ring, ebering_ecumenical_altar_mist, serial_shops,
          nicolae_shop_hallway_plus, minmay_3d_cube, uniq_jessica
D:3:      layout_loops_ring, kennysheep_small_spiral, patterned_corridor
D:4:      wad_river_or_something, layout_basic, temple_green,
          hangedman_abyss_or_decor_stagger
D:5:      wad_woods_tower, layout_rooms, chequers_decorated_corner,
          minmay_checkerbox
D:6:      layout_loops_cross, uniq_menkaure, uniq_edmund, uniq_eustachio
D:7:      layout_basic, mainiacjoe_overflow_divided_tiny, serial_shops,
          nicolae_take_the_stairs, serial_aquarium, aquarium_bridge_square
          [aquarium_subvault_bridge, aquarium_subvault_window,
          aquarium_subvault_bridge, aquarium_subvault_window],
          aquarium_bridge_island_small [aquarium_subvault_small_open,
          aquarium_subvault_bridge, aquarium_subvault_bridge,
          aquarium_subvault_bridge, aquarium_subvault_bridge],
          aquarium_window_corner, aquarium_window_2, aquarium_view_2g,
          aquarium_view_2a, hangedman_abyss_or_decor_lesser_grid
D:8:      minmay_octagon_keep, layout_basic, mainiacjoe_overflow_small_starburst
D:9:      layout_rooms, mainiacjoe_overflow_boulevard, david_lair_generic,
          serial_shops, kennysheep_mini, nicolae_diamond_shop,
          nicolae_shop_advertising_works [nicolae_subvault_shop_adworks], shop,
          nicolae_shop_hallway_stairs, enter_bailey_5, serial_curves,
          eino_curves_01, eino_curves_01, st_stairs_8
D:10:     layout_basic, xom_confusion_cloud, uniq_urug
Temple:   sentei_temple_godly_chess
Lair:1:   layout_gridlike, basic_altar, disabler_island
Lair:2:   layout_cave_pods, elwin_shoals_entry_stream, gammafunk_ghost_arena
Lair:3:   layout_roguey, nicolae_spider_entry_tight_spaces,
          infiniplex_staircase_pool, uniq_kirke
Lair:4:   nzn_winding_woodlands_cross
          [nzn_winding_woodlands_5x15_river_crossing,
          nzn_winding_woodlands_5x15_longhouse,
          nzn_winding_woodlands_5x15_split_checker,
          nzn_winding_woodlands_5x15_jagged,
          nzn_winding_woodlands_15x15_killbox], layout_cave_pods, slime_entry_1,
          serial_bayou, serial_bayou_pond_b, serial_bayou_pond_a,
          serial_bayou_ford_a, serial_bayou_lake_a, serial_bayou_pond_b
Lair:5:   evilmike_catoblepas_cave, layout_regular_city, serial_bayou_lagoon_b
Spider:1: layout_spider_delve
Spider:2: layout_spider_delve, ebering_ghost_inner_flame,
          spiders_nest_spider_trap

Skill      XL: |  1  2  3  4  5  6  7  8  9 10 11 12 13 14 |
---------------+-------------------------------------------+-----
Armour         | 11 12 13 14 | 14.0
Invocations    | 1 2 3 4 5 6 7 8 10 | 10.6
Short Blades   | 1 2 3 5 6 7 8 9 |  9.8
Long Blades    | 1 2 3 5 6 7 8 9 |  9.8
Axes           | 1 2 3 5 6 7 8 9 |  9.8
Maces & Flails | 1 2 3 5 6 7 8 9 |  9.8
Polearms       | 1 2 3 5 6 7 8 9 |  9.8
Staves         | 1 2 3 5 6 7 8 9 |  9.8
Ranged Weapons | 1 2 3 5 6 7 8 9 |  9.8
Throwing       | 1 2 3 5 6 7 8 9 |  9.8
Dodging        | 1 2 3 5 6 7 8 9 |  9.8
Shields        | 1 2 3 5 6 7 8 9 |  9.8
Unarmed Combat | 1 2 3 5 6 7 8 9 |  9.8
Spellcasting   | 1 2 3 5 6 7 8 9 |  9.8
Evocations     | 1 2 3 5 6 7 8 9 |  9.8
Conjurations   | 1 2 3 4 5 6 7 8 |  8.2
Hexes          | 1 2 3 4 5 6 7 8 |  8.2
Summonings     | 1 2 3 4 5 6 7 8 |  8.2
Necromancy     | 1 2 3 4 5 6 7 8 |  8.2
Translocations | 1 2 3 4 5 6 7 8 |  8.2
Transmutations | 1 2 3 4 5 6 7 8 |  8.2
Fire Magic     | 1 2 3 4 5 6 7 8 |  8.2
Ice Magic      | 1 2 3 4 5 6 7 8 |  8.2
Air Magic      | 1 2 3 4 5 6 7 8 |  8.2
Earth Magic    | 1 2 3 4 5 6 7 8 |  8.2
Poison Magic   | 1 2 3 4 5 6 7 8 |  8.2
Fighting       | 7 8 9 10 11 | 11.7
Stealth        | 5 6 7 8 9 10 | 10.7

Action                   |  1- 3 |  4- 6 |  7- 9 | 10-12 | 13-15 || total
-------------------------+-------+-------+-------+-------+-------++-------
Melee: Dagger            |   165 |    34 |       |       |       ||   199
       Punch             |     4 |     3 |    13 |    21 |     7 ||    48
       Bite              |    12 |    10 |    42 |    37 |    44 ||   145
       Hand axe          |       |    96 |   243 |       |       ||   339
       Trident           |       |       |    58 |   349 |   306 ||   713
       Whip              |       |       |    27 |       |       ||    27
Throw: Dart              |       |    14 |    30 |    24 |     9 ||    77
 Cast: Frozen Ramparts   |       |       |    20 |    43 |    35 ||    98
       Stone Arrow       |       |       |     7 |    63 |    47 ||   117
       Kindle Blastspark |       |       |       |    10 |       ||    10
       Freezing Cloud    |       |       |       |    11 |    22 ||    33
       Fireball          |       |       |       |     9 |    24 ||    33
       Airstrike         |       |       |       |       |    21 ||    21
       Flame Wave        |       |       |       |       |     3 ||     3
Invok: Curse Item        |       |     1 |     2 |     1 |     4 ||     8
       Shatter the Chain |       |       |       |       |     1 ||     1
Evoke: Wand              |       |     3 |       |       |     1 ||     4
  Use: Scroll            |       |     2 |     9 |     4 |     4 ||    19
       Potion            |       |       |       |       |     7 ||     7
 Stab: Sleeping          |       |     8 |     7 |     4 |     5 ||    24
Armor: Chain mail        |   117 |    15 |       |       |       ||   132
       Leather armour    |       |    29 |   140 |    24 |       ||   193
       Steam dragon scal |       |       |       |   108 |   163 ||   271
Dodge: Dodged            |    53 |   106 |   344 |   380 |   410 ||  1293
Block: Other             |       |       |       |       |    32 ||    32
       Orb               |       |       |       |       |    20 ||    20

Table legend: (Time is in decaauts)
 A = Elapsed time spent in this place.
 B = Non-inter-level travel time spent in this place.
 C = Inter-level travel time spent in this place.
 D = Time resting spent in this place.
 E = Time spent auto-exploring this place.
 F = Levels seen in this place.
 G = Mean time per level.
                   A        B        C        D        E       F      G
               +--------+--------+--------+--------+--------+-----+--------+
         Total |  21602 |  20916 |    686 |   6295 |   9816 |  19 | 1136.9 |
       Dungeon |  11167 |  10841 |    326 |   2068 |   5970 |  10 | 1116.7 |
        Temple |     36 |     36 |      0 |      0 |      0 |   1 |   36.0 |
          Lair |   9817 |   9458 |    359 |   3946 |   3819 |   5 | 1963.4 |
   Spider Nest |    104 |    104 |      0 |      0 |      0 |   2 |   52.0 |
        Bailey |    476 |    476 |      0 |    281 |     27 |   1 |  476.0 |
               +--------+--------+--------+--------+--------+-----+--------+

Top non-repeatable levels by time:
  Lair:5: 2751 daAuts
  Lair:4: 2398 daAuts
  Lair:3: 1738 daAuts
  Lair:1: 1675 daAuts
     D:8: 1656 daAuts
     D:9: 1406 daAuts
     D:4: 1322 daAuts
  Lair:2: 1253 daAuts
    D:10: 1232 daAuts
     D:6: 1122 daAuts
     D:5: 1057 daAuts
     D:7: 960 daAuts
     D:3: 913 daAuts
     D:2: 827 daAuts
     D:1: 669 daAuts
